Map: Deathaura LE

Players

Spatz

  • Race: Protoss Protoss
  • League: Grandmaster
  • Spawn Location: 5:00

Vanya - Winner!

  • Race: Zerg Zerg
  • League: Grandmaster
  • Spawn Location: 11:00

Event: DreamHack SC2 Masters 2020 Winter

VOD

Have the link to the VOD?

Description

Time

  • Played on: Oct. 16, 2020, 1:56 p.m.
  • Length: 11:12

All games in this series

Show
View Real Time Build Order
Export as new Build Order

Spatz Protoss 

Build Orders:  

Get SALT Encoding   

  12  0:00  Probe  
  13  0:12  Probe  
  14  0:17  Pylon  
  14  0:24  Probe (Chrono Boost)  
  15  0:37  Gateway, Probe (Chrono Boost)  
  16  0:43  Probe (Chrono Boost)  
  16  0:46  Assimilator  
  17  0:51  Probe  
  18  1:00  Forge  
  18  1:04  Probe  
  19  1:17  Pylon  
  19  1:19  Probe  
  20  1:27  Cybernetics Core  
  20  1:36  Photon Cannon  
  20  1:45  Pylon  
  20  2:03  Photon Cannon  
  20  2:06  Photon Cannon  
  20  2:12  Robotics Facility  
  20  2:18  Probe  
  21  2:26  Shield Battery  
  21  2:46  Shield Battery  
  21  2:47  Photon Cannon  
  21  2:56  Immortal (Chrono Boost)  
  25  3:13  Photon Cannon  
  25  3:17  Photon Cannon  
  25  3:34  Warp Prism (Chrono Boost)  
  25  3:41  Pylon  
  27  3:48  Pylon  
  27  4:02  Immortal (Chrono Boost)  
  31  4:08  Shield Battery  
  31  4:19  Photon Cannon  
  31  4:28  Robotics Facility  
  31  4:52  Assimilator  
  31  4:53  Probe  
  32  5:06  Probe  
  33  5:09  Pylon  
  33  5:16  Immortal (Chrono Boost)  
  33  5:19  Probe  
  38  5:29  Robotics Facility  
  38  5:37  Shield Battery  
  38  5:40  Shield Battery  
  38  5:55  Shield Battery  
  38  5:58  Immortal (Chrono Boost)  
  42  6:14  Immortal (Chrono Boost)  
  46  6:39  Immortal (Chrono Boost)  
  50  6:47  Shield Battery  
  50  6:52  Immortal (Chrono Boost)  
  54  7:00  Pylon  
  54  7:06  Pylon  
  46  7:33  Warp Prism (Chrono Boost)  
  46  7:38  Immortal (Chrono Boost)  
  50  7:45  Shield Battery  
  50  8:04  Immortal  
  52  8:21  Warp Prism (Chrono Boost)  
  54  8:31  Shield Battery  
  54  8:44  Shield Battery  
  54  9:13  Immortal  
  54  9:15  Shield Battery  
  58  9:45  Immortal  
  62  10:09  Immortal  
  62  10:27  Observer  
  67  10:55  Stargate  
Show
View Real Time Build Order
Export as new Build Order

Vanya Zerg - Winner!

Build Orders: Hatch First 

Get SALT Encoding   

  12  0:00  Drone  
  13  0:12  Overlord  
  13  0:16  Drone  
  14  0:30  Drone x2  
  16  0:48  Hatchery  
  15  0:51  Drone  
  15  0:55  Drone  
  17  0:58  Drone  
  18  1:09  Extractor  
  17  1:13  Spawning Pool  
  17  1:16  Drone  
  17  1:19  Drone  
  18  1:28  Drone  
  19  1:40  Drone  
  19  1:46  Hatchery  
  19  1:51  Drone  
  20  2:00  Queen  
  22  2:01  Drone  
  22  2:04  Drone  
  24  2:17  Drone  
  25  2:23  Metabolic Boost  
  25  2:24  Overlord  
  25  2:29  Zergling x2  
  26  2:36  Queen  
  28  2:43  Zergling x2  
  29  2:44  Queen  
  29  2:47  Zergling x6  
  34  2:54  Overlord  
  34  3:00  Queen  
  34  3:01  Drone  
  37  3:10  Drone  
  37  3:12  Overlord  
  37  3:25  Drone x2  
  39  3:31  Hatchery  
  39  3:32  Zergling x6  
  41  3:40  Zergling x8  
  45  3:59  Overlord  
  45  4:00  Drone, Queen  
  45  4:01  Drone  
  45  4:02  Drone x2  
  50  4:08  Zergling x2  
  47  4:17  Zergling x4  
  47  4:21  Queen  
  51  4:24  Zergling x4  
  51  4:30  Zergling x2  
  52  4:37  Zergling x2  
  51  4:38  Queen  
  51  4:41  Zergling x8  
  51  4:45  Queen  
  57  4:50  Drone x4  
  55  5:00  Overlord  
  55  5:04  Zergling x4  
  56  5:11  Overlord  
  53  5:15  Zergling x6  
  55  5:24  Queen  
  56  5:33  Drone x7  
  62  5:39  Zergling x2  
  63  5:49  Zergling x6  
  65  5:57  Queen, Overlord  
  65  5:59  Extractor  
  65  6:00  Roach Warren  
  65  6:02  Overlord  
  65  6:04  Drone x3  
  65  6:24  Drone x2  
  67  6:27  Extractor  
  67  6:28  Extractor, Hatchery  
  67  6:29  Extractor  
  55  6:44  Zergling x10  
  55  6:45  Queen  
  57  6:51  Zergling x2  
  58  6:58  Zergling x2  
  58  7:18  Zergling x8  
  58  7:21  Queen x2  
  61  7:23  Zergling x2  
  59  7:30  Zergling x2  
  59  7:33  Roach  
  59  7:34  Roach x2  
  66  7:42  Roach  
  66  7:43  Roach  
  70  7:48  Lair  
  70  7:51  Spore Crawler  
  70  7:55  Drone  
  70  7:56  Drone  
  71  8:01  Ravager x3  
  74  8:08  Spawning Pool  
  74  8:11  Ravager x2  
  74  8:23  Roach x3  
  78  8:33  Overlord  
  70  8:45  Roach x3  
  70  8:47  Ravager x2  
  78  8:56  Zergling x4  
  78  8:57  Spire  
  79  9:04  Zergling x2  
  79  9:05  Zergling x6  
  77  9:12  Zergling x4  
  76  9:21  Zergling x8  
  69  9:31  Zergling x2  
  69  9:32  Zergling x4  
  69  9:38  Zergling x4  
  65  9:44  Zergling x6  
  59  9:54  Zergling x6  
  61  10:06  Zergling x6  
  58  10:22  Mutalisk x3  
  58  10:32  Mutalisk x2  
  60  10:43  Mutalisk x2  
Tags
 
Add a new tag
Caveats
  • Supply blocks, unpowered buildings, or Contaminate may cause inaccurate times.
  • Supply counts are checked every 10 seconds.